 Dungeon Crawl Stone Soup version 0.32-a0-128-g77eb882913 (webtiles) character file.

Game seed: 13864687426216703905

90 juan097 the Trooper (level 4, -1/48 HPs)
             Began as an Oni Warper on Feb 7, 2024.
             Killed from afar by a dart slug (3 damage)
             ... with a slug dart
             ... on level 3 of the Dungeon.
             The game lasted 00:04:08 (1844 turns).

juan097 the Trooper (Oni Warper)                    Turns: 1844, Time: 00:04:09

Health: -1/48      AC:  3    Str: 17    XL:     4   Next: 56%
Magic:  16/16      EV: 10    Int: 14    God:
Gold:   68         SH:  0    Dex:  8    Spells: 7/7 levels left

rFire   . . .        a - +0 mace
rCold   . . .        (no shield)
rNeg    . . .        b - +0 robe
rPois   .            (helmet restricted)
rElec   .            (no cloak)
rCorr   .            (gloves unavailable)
SInv    .            (boots unavailable)
Will    .....        (no amulet)
Stlth   +            f - ring of magical power
HPRegen 0.28/turn    (no ring)
MPRegen 0.15/turn

%: no passive effects
@: on fire, glowing
A: large, unfitting armour, horns 1, tough skin 1, double potion healing,
drunken brawling
a: no special abilities


You were on level 3 of the Dungeon.
You visited 1 branch of the dungeon, and saw 3 of its levels.

You collected 68 gold pieces.

Inventory:

Hand Weapons
 a - a +0 mace (weapon)
Missiles
 d - 7 darts of dispersal (quivered)
Armour
 b - a +0 robe (worn)
Jewellery
 f - a ring of magical power (left hand)
Scrolls
 c - 3 scrolls of blinking
 h - 2 scrolls of identify {unknown}
 i - a scroll of revelation {unknown}
 j - 2 scrolls of immolation {unknown}
 k - a scroll of noise {unknown}
 l - a scroll of enchant armour {unknown}
 m - a scroll of summoning {unknown}
Potions
 e - a potion of attraction {unknown}
 g - a potion of brilliance {unknown}


   Skills:
 + Level 3.8 Fighting
 * Level 3.6 Maces & Flails
 - Level 1.0 Throwing
 + Level 2.8 Dodging
 - Level 2.4 Spellcasting
 - Level 2.6 Translocations


You had 7 spell levels left.
You didn't know any spells.
Your spell library contained the following spells:

 Spells                   Type           Power      Damage    Failure   Level
 Blink                    Tloc           18%        N/A       12%         2
 Lesser Beckoning         Tloc           18%        N/A       12%         2
 Teleport Other           Tloc           9%         N/A       22%         3
 Manifold Assault         Tloc           9%         N/A       58%         4
 Vhi's Electric Charge    Tloc/Air       10%        N/A       78%         4


Dungeon Overview and Level Annotations

Branches:
Dungeon (3/15)

Altars:
Ashenzari

Shops:
D:1 (


Innate Abilities, Weirdness & Mutations

You are too large for most types of armour.
You have a pair of small horns on your head.
You have tough skin. (AC +1)
You gain doubled healing and magic from potions.
Whenever you drink a healing potion, you attack all around you.


Message History

The liquid fire burns you!
The bombardier beetle sprays incendiary fluid at you.
The burning spray hits you.
You are even more covered in liquid fire!
The dart slug misses you.
You are too injured to fight recklessly!
You are too injured to fight recklessly!
You are too injured to fight recklessly!
You are too injured to fight recklessly!
You are too injured to fight recklessly!
You are too injured to fight recklessly!
You are too injured to fight recklessly!
You are too injured to fight recklessly!
You are too injured to fight recklessly!
You are too injured to fight recklessly!
You are too injured to fight recklessly!
You are too injured to fight recklessly!
You are too injured to fight recklessly!
You closely miss the bombardier beetle.
The bombardier beetle is moderately wounded.
The liquid fire burns you! The dart slug bites you.
The bombardier beetle barely misses you.
You shake off some of the fire as you move.
The liquid fire burns you!
* * * LOW HITPOINT WARNING * * *
You shake off some of the fire as you move.
The liquid fire burns you!
* * * LOW HITPOINT WARNING * * *
Things that are here:
a +0 short sword; a bat corpse You shake off some of the fire as you move.
The liquid fire burns you!
* * * LOW HITPOINT WARNING * * *
You shake off some of the fire as you move.
The liquid fire burns you!
* * * LOW HITPOINT WARNING * * *
The dart slug launches a dart at you. The slug dart hits you.
You die...

##################
#........>.....†..
#.################
#.# #@# #.#
###)#######
#####.Bw.....|.
#.........P....
#.###..._.P..≈≈
#.....P..≈≈
...PPPP..≈≈
..........≈≈


You could see a bombardier beetle and a dart slug.

Vanquished Creatures
  3 adders
  A dart slug (D:1)
  4 bats
  9 endoplasms
  2 giant cockroaches
  4 goblins
  6 hobgoblins
  4 jackals (D:3)
  4 quokkas
  6 ball pythons
  6 kobolds
  3 rats
52 creatures vanquished.

Notes
Turn   | Place    | Note
-------+----------+-------------------------------------------
     0 | D:1      | juan097 the Oni Warper began the quest for the Orb.
     0 | D:1      | Reached XP level 1. HP: 22/22 MP: 3/3
   331 | D:1      | Reached XP level 2. HP: 25/29 MP: 5/5
   503 | D:1      | Found a faded altar of an unknown god.
   509 | D:1      | Found Zoeceuw's Antique Weapon Emporium.
   626 | D:1      | Reached XP level 3. HP: 36/37 MP: 6/6
  1296 | D:2      | Reached XP level 4. HP: 33/46 MP: 7/7
  1821 | D:3      | Found a broken altar of Ashenzari.
  1844 | D:3      | HP: 2/48 [burnt (3)]
  1844 | D:3      | Killed from afar by a dart slug

Illustrated notes

Levels and vault maps discovered:
D:1:      dpeg_arrival_yet_another_circle, layout_basic,
          hellmonk_ecumenical_altar_leap_of_faith, serial_shops, shop,
          minivault_19
D:2:      layout_rooms, kennysheep_generic_room_2
D:3:      layout_basic, mainiacjoe_overflow_chevrons, amethyst_killhole,
          minivault_14

Skill      XL: |  1  2  3 |
---------------+----------+-----
Fighting       | 3 |  3.8
Maces & Flails | 3 |  3.6
Throwing       | |  1.0
Dodging        | |  2.8
Spellcasting   | |  2.4
Translocations | |  2.6

Action                     |  1- 3 |  4- 6 || total
---------------------------+-------+-------++-------
  Melee: Mace              |   100 |    51 ||   151
         Punch             |     3 |     1 ||     4
         Headbutt          |    11 |     6 ||    17
 Armour: Robe              |    76 |    35 ||   111
  Dodge: Dodged            |    41 |    25 ||    66

Table legend: (Time is in decaauts)
 A = Elapsed time spent in this place.
 B = Non-inter-level travel time spent in this place.
 C = Inter-level travel time spent in this place.
 D = Time resting spent in this place.
 E = Time spent auto-exploring this place.
 F = Levels seen in this place.
 G = Mean time per level.
                   A        B        C        D        E       F      G
               +--------+--------+--------+--------+--------+-----+--------+
         Total |   1880 |   1818 |     62 |      0 |   1407 |   3 |  626.7 |
       Dungeon |   1880 |   1818 |     62 |      0 |   1407 |   3 |  626.7 |
               +--------+--------+--------+--------+--------+-----+--------+

Top non-repeatable levels by time:
     D:1: 1013 daAuts
     D:2: 571 daAuts
     D:3: 296 daAuts
